 Dungeon Crawl Stone Soup version 0.28.0-53-g5a82cb258f (webtiles) character file.

Game seed: 10133041307197295667

13888 H0rd4k the Basher (level 12, -2/92 HPs)
             Began as a Human Artificer on July 19, 2022.
             Was an Initiate of Gozag.
             Slain by a six-headed hydra (10 damage)
             ... on level 1 of the Lair of Beasts.
             The game lasted 00:24:44 (13206 turns).

H0rd4k the Basher (Human Artificer)                Turns: 13206, Time: 00:24:45

Health: -2/92      AC:  9    Str: 20    XL:     12   Next: 38%
Magic:  23/23      EV: 14    Int: 16    God:    Gozag
Gold:   636        SH:  0    Dex: 13    Spells: 15/25 levels left

rFire   . . .      SeeInvis .   g - +2 whip (venom)
rCold   . . .      Faith    .   (no shield)
rNeg    . . .      Spirit   .   b - +0 leather armour
rPois   .          Reflect  .   (no helmet)
rElec   .          Harm     .   m - +2 cloak {Stlth+}
rCorr   .          Rampage  .   v - +1 pair of gloves
Will    .....                   k - +0 pair of boots
Stlth   ++........              s - amulet of regeneration
HPRegen 1.05/turn               w - +4 ring of slaying
MPRegen 0.18/turn               A - +6 ring of strength

@: about to teleport, gold aura
A: no striking features
a: Renounce Religion, Potion Petition, Call Merchant, Bribe Branch


You were on level 1 of the Lair of Beasts.
You worshipped Gozag.
Gozag was pleased with you.
You visited 3 branches of the dungeon, and saw 13 of its levels.
You also visited: Bailey.

You collected 1498 gold pieces.
You paid 862 gold pieces to Gozag.

Inventory:

Hand Weapons
 d - the +7 hand axe "Cipeklomp" {vorpal, rN+}
   (You found it on level 9 of the Dungeon)

   It inflicts extra damage upon your enemies.
   rN:        It protects you from negative energy.
 g - a +2 whip of venom (weapon)
 q - a +1 dagger of venom
 r - a +4 whip
Missiles
 D - 14 poisoned darts
 L - 2 throwing nets
Armour
 b - a +0 leather armour (worn)
 k - a +0 pair of boots (worn)
 m - a +2 cloak of stealth (worn)
 n - a +0 cloak
 v - a +1 pair of gloves (worn)
Magical Staves
 t - a staff of death
Jewellery
 s - an amulet of regeneration (around neck)
 w - a +4 ring of slaying (left hand)
 x - a ring of positive energy
 y - a ring of protection from fire
 A - a +6 ring of strength (right hand)
 G - a +4 ring of protection
Wands
 a - a wand of acid (7)
 c - a wand of flame (9) (quivered)
 F - a wand of polymorph (13)
Scrolls
 f - a scroll of teleportation
 i - 2 scrolls of blinking
 I - 4 scrolls of identify
 J - 3 scrolls of enchant weapon
Potions
 h - 3 potions of degeneration {unknown}
 j - 2 potions of magic {unknown}
 l - 6 potions of flight
 o - a potion of brilliance {unknown}
 p - a potion of haste
 z - 2 potions of berserk rage {unknown}
 B - a potion of mutation
 C - 3 potions of lignification
 E - 5 potions of curing {unknown}
 M - 2 potions of resistance {unknown}
Miscellaneous
 e - a piece from Xom's chessboard (15/15)
 N - a phantom mirror (inert)


   Skills:
 + Level 7.9 Fighting
 + Level 10.3 Maces & Flails
 - Level 2.0 Armour
 + Level 7.5 Dodging
 - Level 1.0 Stealth
 * Level 7.4 Spellcasting
 + Level 3.2 Transmutations
 + Level 5.9 Fire Magic
 + Level 2.2 Poison Magic
 + Level 6.0 Evocations


You had 15 spell levels left.
You knew the following spells:

 Your Spells              Type           Power      Damage    Failure   Level
a - Conjure Flame         Conj/Fire      15%        6-21      12%         3
b - Sticky Flame          Conj/Fire      15%        2d4       38%         4
c - Ignite Poison         Fire/Tmut/Pois 18%        N/A       9%          3

Your spell library contained the following spells:

 Spells                   Type           Power      Damage    Failure   Level
 Portal Projectile        Hex/Tloc       10%        N/A       38%         3
 Blade Hands              Tmut           8%         N/A       71%         5
 Animate Armour           Summ/Erth      10%        N/A       80%         4
 Irradiate                Conj/Tmut      5%         3d15      89%         5
 Excruciating Wounds      Necr           2%         N/A       98%         5
 Iron Shot                Conj/Erth      2%         9d2       100%        6
 Dragon Form              Tmut           8%         N/A       100%        7


Dungeon Overview and Level Annotations

Branches:
Dungeon (11/15)            Temple (1/1) D:4            Lair (1/6) D:9
 Bailey (visited)
    Orc: D:9-12

Altars:
Ashenzari
Cheibriados
Dithmenos
Elyvilon
Fedhas
Gozag
Hepliaklqana
Kikubaaqudgha
Makhleb
Nemelex Xobeh
Okawaru
Qazlal
Ru
Sif Muna
Trog
Uskayaw
Vehumet
Wu Jian
Xom
Yredelemnul
Zin
The Shining One

Shops:
D:9 (   D:11 [

Annotations:
D:3 1 runed translucent door, exclusions: door, statue and 1 more exclusion, Crazy Yiuf
D:4 exclusion: downstairs
D:10 6 transporters, exclusion: downstairs


Message History

The six-headed hydra looks as sick as possible!
The six-headed hydra is moderately wounded.
The six-headed hydra bites you. The six-headed hydra barely misses you.
The six-headed hydra bites you!
The six-headed hydra bites you but does no damage.
The six-headed hydra closely misses you.
The six-headed hydra bites you!
As you read the scroll of teleportation, it crumbles to dust.
You feel strangely unstable. The six-headed hydra bites you.
The six-headed hydra bites you but does no damage. x2
The six-headed hydra bites you!
* * * LOW HITPOINT WARNING * * *
The six-headed hydra bites you!
* * * LOW HITPOINT WARNING * * *
The six-headed hydra closely misses you.
You barely miss the six-headed hydra.
The six-headed hydra is moderately wounded.
Unknown command.
You feel much better.
The blink frog is no longer distracted by gold.
The blink frog is distracted by your dazzling golden aura.
The six-headed hydra bites you!
* * * LOW HITPOINT WARNING * * *
The six-headed hydra bites you but does no damage.
The six-headed hydra barely misses you. The six-headed hydra bites you.
* * * LOW HITPOINT WARNING * * *
The six-headed hydra bites you.
* * * LOW HITPOINT WARNING * * *
The six-headed hydra bites you!
* * * LOW HITPOINT WARNING * * *
The blink frog gives a loud, deep croak!
You whack the six-headed hydra!
The six-headed hydra is heavily wounded.
The six-headed hydra bites you.
* * * LOW HITPOINT WARNING * * *
The six-headed hydra bites you.
* * * LOW HITPOINT WARNING * * *
The six-headed hydra bites you!
You die...
Your body crumbles into a pile of gold.

*,,,,*** *,,,,,,****,,,,,#......
*,,*** *,,,,,,**,*,,,,,.#.....
**** *,,,,,****,,,,,,....... *
*,,,,,* **,,,,,,....##. **
*****,,,,** *,,,,,,,..##*#.
,******,,*,,,,,,***,,,,,,,..,* #.
,,,,,,,,,,,,,,,,,,,,,,,,,,,,,**##
**,******,*,,,*###**#####*,**,* *
**** ***,***#@###.Y.?#****** ***
*,** ##DY#.S.#* ### *,***** ***
#S.$########.#### ,,,,,,**
*##F..#........#.. ,,,,,,,**
#..#.P.........#.# ,,,,>,,,*
#..##..≈####...... ,,,,,,,**
#..#...## *#...#.. ,,,,,,,*
#)##...#**#≈...#.. ,,,,,,,*
##*#...........#..


You could see a six-headed hydra (extremely poisoned), an elephant, a black
mamba and a blink frog.

Vanquished Creatures
  3 two-headed ogres
  A komodo dragon (Lair:1)
  A troll (D:10)
  A polar bear (Lair:1)
  A hornet (D:8)
  A jumping spider (shapeshifter) (D:9)
  A wyvern (D:10)
  34 yaks
  A vampire (D:9)
  4 water moccasins
  3 sky beasts
  An ice beast (D:5)
  6 orc warriors
  A hornet zombie (D:8)
  A necrophage (D:6)
  An ogre (D:7)
  A wolf (Lair:1)
  5 centaurs
  A kobold brigand (D:9)
  5 bullfrogs
  2 scorpions (D:9)
  A water moccasin skeleton (D:6)
  22 killer bees
  2 howler monkeys
  A centaur zombie (D:7)
  3 hounds
  A gnoll shaman (D:9)
  A bullfrog skeleton (D:5)
  A centaur skeleton (D:7)
  4 iguanas
  4 jellies
  2 orc priests (D:7)
  Terence (D:3)
  9 orc wizards
  2 killer bee zombies
  2 hound skeletons
  A howler monkey zombie (D:8)
  7 gnolls
  A howler monkey skeleton (D:6)
  6 adders
  A shadow imp (D:4)
  4 white imps
  An adder skeleton (D:5)
  2 worms
  A dart slug (D:3)
  53 orcs
  8 ball pythons
  5 bats
  15 endoplasms
  4 giant cockroaches
  6 hobgoblins
  8 jackals (D:3)
  17 kobolds
  5 quokkas
  3 frilled lizards
  8 goblins
  5 rats
292 creatures vanquished.

Vanquished Creatures (collateral kills)
  A hydra (D:10)
  A water moccasin (D:7)
  3 orc warriors (Bailey)
  An ice beast (D:7)
  5 orcs
11 creatures vanquished.

Vanquished Creatures (others)
  3 orc warriors
  A kobold (D:9)
  7 fungi
  4 plants (D:9)
  8 toadstools (D:2)
23 creatures vanquished.

Grand Total: 326 creatures vanquished

Notes
Turn   | Place    | Note
-------+----------+-------------------------------------------
     0 | D:1      | H0rd4k the Human Artificer began the quest for the Orb.
     0 | D:1      | Reached XP level 1. HP: 15/15 MP: 1/1
   401 | D:1      | Found a faded altar of an unknown god.
   754 | D:2      | Reached XP level 2. HP: 21/21 MP: 2/2
  1137 | D:2      | Reached XP level 3. HP: 26/26 MP: 3/3
  1614 | D:2      | Reached skill level 1 in Maces & Flails
  1614 | D:2      | Reached skill level 1 in Spellcasting
  1614 | D:2      | Reached XP level 4. HP: 20/32 MP: 3/5
  1979 | D:3      | Reached XP level 5. HP: 30/37 MP: 6/6
  2113 | D:3      | Found a burning altar of Makhleb.
  2470 | D:3      | Found a radiant altar of Vehumet.
  2470 | D:3      | Noticed a charred statue
  2510 | D:3      | Found a runed translucent door.
  2511 | D:3      | Noticed Crazy Yiuf
  2801 | D:3      | Noticed Terence
  2815 | D:3      | Killed Terence
  2816 | D:3      | Reached skill level 2 in Maces & Flails
  3202 | D:4      | Reached XP level 6. HP: 12/44 MP: 8/8
  3643 | D:4      | Found a staircase to the Ecumenical Temple.
  3682 | Temple   | Entered the Ecumenical Temple
  4499 | D:5      | Entered Level 5 of the Dungeon
  4511 | D:5      | Noticed an ice beast
  4801 | D:5      | Reached skill level 3 in Maces & Flails
  5040 | D:5      | Reached XP level 7. HP: 41/51 MP: 10/10
  5142 | D:5      | Reached skill level 4 in Maces & Flails
  6078 | D:6      | Reached XP level 8. HP: 39/57 MP: 12/12
  6163 | D:6      | Reached skill level 5 in Maces & Flails
  6708 | D:6      | Reached skill level 6 in Maces & Flails
  6924 | D:7      | Reached XP level 9. HP: 32/63 MP: 14/14
  6957 | D:7      | Found a flagged portal.
  7034 | Bailey   | Entered a bailey
  7037 | Bailey   | Noticed an orc knight
  7175 | Bailey   | Reached skill level 5 in Dodging
  7206 | Bailey   | Reached skill level 7 in Maces & Flails
  7833 | D:7      | Reached skill level 5 in Evocations
  7892 | D:7      | Found an opulent altar of Gozag.
  8228 | D:7      | Learned a level 3 spell: Conjure Flame
  8323 | D:8      | You fall into a shaft and drop 2 floors!
  8323 | D:10     | Entered Level 10 of the Dungeon
  8369 | D:10     | Noticed a two-headed ogre
  8418 | D:10     | Reached skill level 5 in Spellcasting
  8418 | D:10     | Reached XP level 10. HP: 33/73 MP: 17/17
  8425 | D:10     | Found a transporter.
  8466 | D:10     | Reached skill level 5 in Fighting
  8466 | D:10     | Reached skill level 1 in Fire Magic
  8759 | D:9      | Reached skill level 8 in Maces & Flails
  8784 | D:9      | Found a staircase to the Lair.
  8993 | D:8      | Found an ancient bone altar of Kikubaaqudgha.
  9084 | D:8      | Found a snail-covered altar of Cheibriados.
  9604 | D:7      | Became a worshipper of Gozag Ym Sagoz the Greedy
  9972 | D:9      | Identified the +7 hand axe "Cipeklomp" {vorpal, rN+}
 10066 | D:9      | Reached XP level 11. HP: 52/81 MP: 19/19
 10075 | D:9      | Reached skill level 9 in Maces & Flails
 11129 | D:10     | Noticed a six-headed hydra
 11454 | D:9      | Learned a level 4 spell: Sticky Flame
 11458 | D:9      | Learned a level 3 spell: Ignite Poison
 11663 | D:10     | Found a transporter.
 11663 | D:10     | Found a transporter.
 11688 | D:10     | Found a transporter.
 11689 | D:10     | Found a transporter.
 11857 | D:10     | Killed a two-headed ogre
 11963 | D:10     | Found a transporter.
 12031 | D:10     | Found a shimmering altar of Xom.
 12100 | D:10     | Killed a six-headed hydra
 12101 | D:10     | Reached skill level 10 in Maces & Flails
 12101 | D:10     | Reached skill level 1 in Transmutations
 12101 | D:10     | Reached skill level 5 in Fire Magic
 12101 | D:10     | Reached skill level 1 in Poison Magic
 12211 | D:10     | Found a hide-covered altar of Uskayaw.
 12367 | D:11     | Noticed a two-headed ogre
 12613 | D:11     | Noticed a two-headed ogre
 12620 | D:11     | Killed a two-headed ogre
 12621 | D:11     | Reached XP level 12. HP: 43/91 MP: 18/22
 12621 | D:11     | Noticed a death knight
 12676 | D:11     | Noticed a two-headed ogre
 12677 | D:11     | Found Bounimo's Armour Shop.
 12686 | D:11     | Killed a two-headed ogre
 12888 | Lair:1   | Entered Level 1 of the Lair of Beasts
 13195 | Lair:1   | Noticed a six-headed hydra
 13206 | Lair:1   | Slain by a six-headed hydra

Illustrated notes

Levels and vault maps discovered:
D:1:      dpeg_arrival_more_subterranean_lakeside_camping, layout_basic,
          dreamdust_ecumenical_altar_hidden_monk_grotto
D:2:      cheibrodos_fertilizer, layout_rooms, minmay_misc_feat_more_columns
D:3:      layout_basic, mainiacjoe_overflow_catwalk, vehumet_statue, hex_large,
          serial_bayou_pond_e, kennysheep_small_spiral, st_stairs_1,
          uniq_crazy_yiuf_cottage, uniq_terence
D:4:      nicolae_cairo_tiling, layout_basic,
          minmay_temple_entry_statues_pillars
D:5:      layout_cave_pools
D:6:      layout_gridville, minmay_misc_feat_chi, kennysheep_donut
D:7:      layout_cave_pools, mainiacjoe_overflow_brackets, enter_bailey_5,
          st_stairs_7
D:8:      layout_cave_pools, slow_altar_2, pf_just_have_faith
D:9:      layout_roguey, grunt_lair_entry_orc_guard_hut
D:10:     layout_basic, general_overflow_altar, tgw_xom, serial_nicolae_subway,
          nicolae_sub_station_metal, nicolae_sub_station_crystal,
          nicolae_sub_station_stone
D:11:     nzn_winding_woodlands_medium [nzn_winding_woodlands_5x5_perimeter,
          nzn_winding_woodlands_5x15_pool, nzn_winding_woodlands_5x5_three,
          nzn_winding_woodlands_5x5_default,
          nzn_winding_woodlands_center_garden, nzn_winding_woodlands_5x5_cross,
          nzn_winding_woodlands_5x5_default,
          nzn_winding_woodlands_5x15_split_checker,
          nzn_winding_woodlands_5x5_closed_star], layout_basic, orc_0_dummy,
          serial_shops, nicolae_shop_competitors_out_of_business
Temple:   regret_index_temple_generic_petals
Lair:1:   layout_cave_pods, hangedman_lair_generics_rect, lemuel_fruit_tree

Skill      XL: |  1  2  3  4  5  6  7  8  9 10 11 12 |
---------------+-------------------------------------+-----
Maces & Flails | 1 2 3 4 6 7 8 10 | 10.3
Spellcasting   | 1 2 3 5 7 |  7.4
Evocations     | 4 5 6 |  6.0
Dodging        | 2 3 4 5 6 7 |  7.5
Fighting       | 2 3 4 6 7 |  7.9
Fire Magic     | 3 5 |  5.9
Transmutations | 1 3 |  3.2
Poison Magic   | 1 2 |  2.2
Armour         | |  2.0
Stealth        | |  1.0

Action                   |  1- 3 |  4- 6 |  7- 9 | 10-12 || total
-------------------------+-------+-------+-------+-------++-------
Melee: Whip              |    70 |   223 |   335 |   546 ||  1174
       Club              |     2 |       |       |       ||     2
       Punch             |       |     2 |     8 |    12 ||    22
 Cast: Ignite Poison     |       |       |       |    19 ||    19
Invok: Call Merchant     |       |       |       |     1 ||     1
Evoke: Wand              |     1 |     1 |    28 |    12 ||    42
       Piece from Xom's  |       |       |     2 |     1 ||     3
       Phantom mirror    |       |       |       |     1 ||     1
  Use: Scroll            |       |       |    13 |     5 ||    18
       Potion            |       |       |       |     2 ||     2
 Stab: Sleeping          |     2 |     3 |       |     5 ||    10
       Distracted        |       |     1 |       |     4 ||     5
       Paralysed         |       |       |       |     4 ||     4
Armor: Leather armour    |    30 |    74 |   106 |   132 ||   342
Dodge: Dodged            |    41 |   113 |   240 |   319 ||   713
